AoeStats
← Skraelin

Arabia

509294434Analyzed
1v1 RM · 6d ago on Sep 26, 2026· 24m 40s· 2 players
Game mode
Random Map
Map size
Tiny (2 player)
Population
200
Speed
Normal
Resources
Standard
Victory
Conquest
Starting age
Dark Age
Ending age
Imperial Age
RankedLock teamsTeams togetherTeam positionsShared explorationLock speedFull tech treeHidden civsTurbo modeCheats
Victory
Defeat
🇲🇽 Persians · Mexico
1237
+15
🇦🇺 Ethiopians · Australia
1223
-15
Skraelin
5:13 Loom
10:48 Feudal Age
11:33 Gold Mining
11:45 Double-Bit Axe
19:21 Castle Age
18:12 Fletching
20:04 Stone Mining
22:19 Ballistics
21:54 Horse Collar
EXILE | ROBoTeCh
5:21 Loom
9:01 Feudal Age
9:58 Double-Bit Axe
16:13 Horse Collar
19:52 Castle Age
18:26 Bloodlines
18:43 Scale Barding Armor
19:45 Gold Mining
21:31 Chain Barding Armor
22:24 Forging
Connection lost

Rejoining the realm…

Still unreachable

The connection could not be restored.

Session expired

The server has moved on; the page needs a fresh start.